 Dungeon Crawl Stone Soup version 0.29-a0-311-gcbd9eb2193 (webtiles) character file.

Game seed: 18161713968300022796

3115 Ajdolov the Nimble (level 9, -4/74 HPs)
             Began as a Gnoll Monk on Mar 28, 2022.
             Was an Initiate of Ru.
             Slain by an orc warrior
             ... wielding a +0 battleaxe
              (18 damage)
             ... on level 8 of the Dungeon.
             The game lasted 00:13:02 (9810 turns).

Ajdolov the Nimble (Gnoll Monk)                     Turns: 9810, Time: 00:13:03

Health: -4/74      AC: 12    Str: 10    XL:     9   Next: 91%
Magic:  16/16      EV: 14    Int: 10    God:    Ru [......]
Gold:   324        SH:  0    Dex: 19    Spells: 17/17 levels left

rFire   x . .      SeeInvis .   a - +0 falchion
rCold   + . .      Faith    .   (no shield)
rNeg    . . .      Spirit   .   O - +0 swamp dragon scales
rPois   +          Reflect  .   (no helmet)
rElec   .          Harm     .   m - +1 cloak
rCorr   +          Rampage  .   (no gloves)
Will    .....                   w - +1 pair of boots
Stlth   +++.......              k - amulet of magic regeneration
HPRegen 0.22/turn               u - ring of resist corrosion
MPRegen 0.55/turn               v - ring of ice

@: no status effects
A: fangs 1, missing an eye, strong nose, distributed training
a: Renounce Religion


You were on level 8 of the Dungeon.
You worshipped Ru.
Ru was noncommittal.
You visited 2 branches of the dungeon, and saw 9 of its levels.

You collected 324 gold pieces.

Inventory:

Hand Weapons
 a - a +0 falchion (weapon)
Armour
 m - a +1 cloak (worn)
 w - a +1 pair of boots (worn)
 O - +0 swamp dragon scales (worn)
Jewellery
 k - an amulet of magic regeneration (around neck)
 u - a ring of resist corrosion (left hand)
 v - a ring of ice (right hand)
 D - the ring of Lady Luck {rPois rF+ Str+2}
   (You took it off an orc on level 6 of the Dungeon)

   [ring of poison resistance]

   Str:       It affects your strength (+2).
   rF:        It protects you from fire.
   rPois:     It protects you from poison.
 E - a ring of magical power
 H - an amulet of regeneration
 M - a ring of protection from cold
Wands
 J - a wand of flame (21)
 K - a wand of polymorph (8)
 N - a wand of digging (4)
Scrolls
 b - 2 scrolls of amnesia {unknown}
 c - a scroll of enchant weapon {unknown}
 d - 2 scrolls of magic mapping {unknown}
 e - 2 scrolls of immolation {unknown}
 f - a scroll of holy word {unknown}
 g - a scroll of fear {unknown}
 i - 2 scrolls of vulnerability {unknown}
 j - 10 scrolls of identify {unknown}
 l - a scroll of silence {unknown}
 n - 3 scrolls of teleportation {unknown}
 s - a scroll of torment {unknown}
 t - a scroll of enchant armour {unknown}
 y - 3 scrolls of fog {unknown}
 A - 2 scrolls of blinking {unknown}
Potions
 h - 3 potions of lignification {unknown}
 o - 3 potions of heal wounds {unknown}
 q - 4 potions of curing {unknown}
 x - 3 potions of might {unknown}
 z - 2 potions of degeneration {unknown}
 B - 3 potions of flight {unknown}
 G - 2 potions of brilliance {unknown}
 I - 2 potions of attraction {unknown}


   Skills:
 + Level 8.1 Fighting
 + Level 4.7 Short Blades
 + Level 8.1 Long Blades
 + Level 4.7 Axes
 + Level 4.7 Maces & Flails
 + Level 4.7 Polearms
 + Level 4.7 Staves
 + Level 4.7 Slings
 + Level 4.7 Bows
 + Level 4.7 Crossbows
 + Level 4.7 Throwing
 + Level 4.7 Armour
 + Level 8.1 Dodging
 + Level 6.3 Stealth
 + Level 4.7 Shields
 + Level 4.7 Unarmed Combat
 + Level 4.7 Spellcasting
 + Level 3.9 Conjurations
 + Level 3.9 Hexes
 + Level 3.9 Summonings
 + Level 3.9 Necromancy
 + Level 3.9 Translocations
 + Level 3.9 Transmutations
 + Level 3.9 Fire Magic
 + Level 3.9 Ice Magic
 + Level 3.9 Air Magic
 + Level 3.9 Earth Magic
 + Level 3.9 Poison Magic
 + Level 5.1 Invocations
 + Level 4.7 Evocations


You had 17 spell levels left.
You didn't know any spells.
Your spell library contained the following spells:

 Spells                   Type           Power      Damage    Failure   Level
 Corpse Rot               Necr/Air       20%        N/A       17%         2
 Ensorcelled Hibernation  Hex/Ice        30%        N/A       17%         2
 Poisonous Vapours        Pois/Air       20%        N/A       17%         2
 Dazzling Flash           Conj/Hex       20%        N/A       34%         3
 Gell's Gravitas          Tloc           10%        N/A       34%         3
 Spider Form              Tmut/Pois      10%        N/A       34%         3
 Teleport Other           Tloc           10%        N/A       34%         3
 Anguish                  Hex/Necr       5%         N/A       75%         4
 Animate Dead             Necr           5%         N/A       75%         4
 Agony                    Necr           10%        N/A       97%         5
 Silence                  Hex/Air        5%         N/A       97%         5
 Dispersal                Tloc           5%         N/A       100%        6
 Haunt                    Necr/Summ      5%         N/A       100%        7
 Infestation              Necr           5%         N/A       100%        8


Dungeon Overview and Level Annotations

Branches:
Dungeon (8/15)             Temple (1/1) D:7
   Lair: D:8-11

Altars:
Ashenzari
Dithmenos
Fedhas
Gozag
Hepliaklqana
Kikubaaqudgha
Makhleb
Okawaru
Ru
Sif Muna
Uskayaw
Vehumet
Xom
Beogh

Shops:
D:5 =   D:7 [

Annotations:
D:5 2 transporters, 2 exclusions, Menkaure
D:7 2 transporters


Innate Abilities, Weirdness & Mutations

You have very sharp teeth.
You are missing an eye, making it more difficult to aim.
Your uncanny sense of smell can sniff out nearby items.
Your experience applies equally to all skills.


Message History

The orc warrior's mind is blasted!
The orc warrior hits you with a +0 battleaxe!
Aiming: Mindburst
Press: ? - help, Shift-Dir - straight line, f/p - orc warrior
Aim: an orc warrior, wielding a +0 battleaxe, wearing a +0 plate armour and quivering boomerangs (heavily wounded, chance to affect: 81%)
The orc warrior's mind is blasted!
The orc warrior hits you with a +0 battleaxe!
Aiming: Mindburst
Press: ? - help, Shift-Dir - straight line, f/p - orc warrior
Aim: an orc warrior, wielding a +0 battleaxe, wearing a +0 plate armour and quivering boomerangs (almost dead, chance to affect: 81%)
The orc warrior barely resists.
The orc warrior closely misses you.
Aiming: Mindburst
Press: ? - help, Shift-Dir - straight line, f/p - orc warrior
Aim: an orc warrior, wielding a +0 battleaxe, wearing a +0 plate armour and quivering boomerangs (almost dead, chance to affect: 81%)
The orc warrior barely resists.
The now-empty wand crumbles to dust.
The orc warrior hits you with a +0 battleaxe!
* * * LOW HITPOINT WARNING * * *
You don't have any such object.
Evoke which item? (* to show all) (? for menu, Esc to quit)
Huh?
Evoke which item? (* to show all) (? for menu, Esc to quit)
You don't have any such object.
Evoke which item? (* to show all) (? for menu, Esc to quit)
Okay, then.
You don't have any such object.
Evoke which item? (* to show all) (? for menu, Esc to quit)
Okay, then.
Okay, then.
Throw: dart (curare)
Press: ? - help, Q - select action, (/) - cycle Shift-Dir - straight line, f/p - orc warrior
Aim: an orc warrior, wielding a +0 battleaxe, wearing a +0 plate armour and quivering boomerangs (almost dead, 52% to hit)
You throw a curare-tipped dart.
The curare-tipped dart closely misses the orc warrior.
The curare-tipped dart barely misses the orc.
The curare-tipped dart hits the orc.
The orc is poisoned.
The orc convulses.
The orc seems to slow down.
The orc is moderately wounded.
The orc warrior attacks as you move away!
The orc warrior hits you with a +0 battleaxe!!
You die...

....# ##... #
#.#.# ##'# #.
#<..# ##.#
#.###.#.# ####..#
#..†....###
#...#..
#og.....####.##...
#o##.##.##........
#o##.##.##.#..#...
#@##..........##..
#.#####.##.#......
#.#####.##........
#.......########.#
######### #.# #<#
#.# ##### #.#
...### #.#


You could see an orc warrior, a gnoll and 2 orcs.

Vanquished Creatures
  Maggie (D:8)
  Grinder (D:6)
  A steam dragon (D:8)
  Duvessa (D:7)
  A water moccasin (D:7)
  An ice beast (D:6)
  An orc warrior (D:8)
  2 ogres
  2 sky beasts
  3 centaurs
  A phantom (D:5)
  2 kobold brigands (D:4)
  A necrophage (D:3)
  A scorpion (D:6)
  5 wights
  Dowan (D:7)
  4 electric eels (D:7)
  3 howler monkeys
  2 jellies
  2 gnoll shamans
  2 orc priests
  3 hounds
  3 iguanas
  2 orc wizards (D:5)
  6 adders
  5 gnolls
  2 white imps
  An ufetubus (D:5)
  2 worms
  17 orcs
  16 endoplasms
  3 giant cockroaches
  5 goblins
  2 hobgoblins
  3 jackals
  13 kobolds
  3 quokkas
  12 ball pythons
  3 bats
  A frilled lizard (D:1)
  5 rats
145 creatures vanquished.

Vanquished Creatures (others)
  3 plants (D:7)
3 creatures vanquished.

Grand Total: 148 creatures vanquished

Notes
Turn   | Place    | Note
-------+----------+-------------------------------------------
     0 | D:1      | Ajdolov the Gnoll Monk began the quest for the Orb.
     0 | D:1      | Reached XP level 1. HP: 23/23 MP: 1/1
    70 | D:1      | Reached XP level 2. HP: 10/29 MP: 2/2
   943 | D:1      | Reached XP level 3. HP: 35/35 MP: 3/3
   951 | D:1      | Found a faded altar of an unknown god.
  1545 | D:2      | Reached skill level 1 in Invocations
  1663 | D:2      | Reached skill level 1 in Short Blades
  1663 | D:2      | Reached skill level 1 in Axes
  1663 | D:2      | Reached skill level 1 in Maces & Flails
  1663 | D:2      | Reached skill level 1 in Polearms
  1663 | D:2      | Reached skill level 1 in Staves
  1663 | D:2      | Reached skill level 1 in Slings
  1663 | D:2      | Reached skill level 1 in Bows
  1663 | D:2      | Reached skill level 1 in Crossbows
  1663 | D:2      | Reached skill level 1 in Throwing
  1663 | D:2      | Reached skill level 1 in Armour
  1663 | D:2      | Reached skill level 1 in Shields
  1663 | D:2      | Reached skill level 1 in Unarmed Combat
  1663 | D:2      | Reached skill level 1 in Spellcasting
  1663 | D:2      | Reached skill level 1 in Evocations
  1663 | D:2      | Reached XP level 4. HP: 41/41 MP: 5/5
  2291 | D:3      | Found a hide-covered altar of Uskayaw.
  2524 | D:3      | Noticed a necrophage
  2543 | D:3      | Killed a necrophage
  2544 | D:3      | Reached skill level 1 in Conjurations
  2544 | D:3      | Reached skill level 1 in Hexes
  2544 | D:3      | Reached skill level 1 in Summonings
  2544 | D:3      | Reached skill level 1 in Necromancy
  2544 | D:3      | Reached skill level 1 in Translocations
  2544 | D:3      | Reached skill level 1 in Transmutations
  2544 | D:3      | Reached skill level 1 in Fire Magic
  2544 | D:3      | Reached skill level 1 in Ice Magic
  2544 | D:3      | Reached skill level 1 in Air Magic
  2544 | D:3      | Reached skill level 1 in Earth Magic
  2544 | D:3      | Reached skill level 1 in Poison Magic
  2544 | D:3      | Reached XP level 5. HP: 31/47 MP: 5/7
  2817 | D:3      | Found a burning altar of Makhleb.
  3341 | D:4      | Found a blossoming altar of Fedhas.
  3600 | D:4      | Found a shadowy altar of Dithmenos.
  3612 | D:4      | Reached XP level 6. HP: 48/53 MP: 8/8
  3996 | D:4      | Found a radiant altar of Vehumet.
  4355 | D:5      | Entered Level 5 of the Dungeon
  4407 | D:5      | Noticed Menkaure
  4461 | D:4      | Reached XP level 7. HP: 58/60 MP: 10/10
  4496 | D:5      | Found Okkeh's Jewellery Shoppe.
  4834 | D:5      | Found a broken altar of Ashenzari.
  4892 | D:5      | Reached skill level 5 in Stealth
  4906 | D:5      | HP: 3/60 [gnoll/+0 whip (5)]
  4907 | D:5      | HP: 1/60 [gnoll/+0 whip (2)]
  4912 | D:5      | HP: 2/60 [gnoll/+0 whip (6)]
  5091 | D:5      | Found a transporter.
  5100 | D:5      | Found a transporter.
  5322 | D:5      | Reached XP level 8. HP: 67/67 MP: 12/12
  5383 | D:6      | Noticed Grinder
  5429 | D:6      | Paralysed by Grinder for 4 turns
  5856 | D:6      | Identified the ring of Lady Luck {rPois rF+ Str+2}
  6234 | D:6      | Killed Grinder
  6605 | D:7      | Found Ujuwk's Antique Armour Boutique.
  6818 | D:7      | Noticed Dowan
  6819 | D:7      | Noticed Duvessa
  6980 | D:7      | Found a staircase to the Ecumenical Temple.
  6988 | Temple   | Entered the Ecumenical Temple
  7130 | Temple   | Became a worshipper of Ru the Awakened
  7137 | Temple   | Gained mutation: You are missing an eye, making it more
                  | difficult to aim. [Ru sacrifice]
  7313 | D:7      | Killed Duvessa
  7314 | D:7      | Reached XP level 9. HP: 73/73 MP: 14/14
  7464 | D:7      | Killed Dowan
  7560 | D:7      | Noticed a two-headed ogre
  7725 | D:7      | Found a transporter.
  7726 | D:7      | Found a transporter.
  8438 | D:8      | Noticed Maggie
  8453 | D:8      | Killed Maggie
  8904 | D:8      | Reached skill level 5 in Invocations
  9810 | D:8      | Slain by an orc warrior

Illustrated notes

Levels and vault maps discovered:
D:1:      heliophobic_arrival_dark_side_of_the_moon, layout_loops_ring,
          serial_bayou, serial_bayou_pond_d, serial_bayou_pond_a,
          serial_bayou_crossing, serial_bayou_shore_a, serial_bayou_pond_b,
          shapermc_ecumenical_altar_ellora, minivault_11,
          chequers_serial_rivers_marsh, corexii_item_surrounded_by_moat
D:2:      layout_loops_ring
D:3:      layout_loops_ring, eat_drink_and_be_merry_uskayaw,
          lemuel_crystal_altar
D:4:      layout_loops_cross, mainiacjoe_overflow_alcove_2,
          mainiacjoe_overflow_24_doors, mainiacjoe_overflow_alcove_1
D:5:      gammafunk_steamed_eel, layout_rooms, ashenzari_conservatory_becter,
          serial_shops, nicolae_shop_statue_plus, uniq_menkaure
D:6:      layout_layer_cave, uniq_grinder
D:7:      gammafunk_beogh_shrine, layout_cave_pods,
          minmay_temple_entry_butterflies, serial_shops, nicolae_stop_n_shop_2,
          dk_noncrumbling_2, nicolae_concentric_dashed_squares_mild,
          skrybe_limestone_x, st_stairs_13, minmay_misc_feat_five,
          serial_bayou_lagoon_b, uniq_duvessa
D:8:      layout_loops_corners, kennysheep_diamond, kennysheep_generic_room_8,
          uniq_maggie
Temple:   minmay_temple_curvy_branch

Skill      XL: |  1  2  3  4  5  6  7  8  9 |
---------------+----------------------------+-----
Invocations    | 1 2 3 4 5 |  5.1
Short Blades   | 1 2 3 4 |  4.7
Axes           | 1 2 3 4 |  4.7
Maces & Flails | 1 2 3 4 |  4.7
Polearms       | 1 2 3 4 |  4.7
Staves         | 1 2 3 4 |  4.7
Slings         | 1 2 3 4 |  4.7
Bows           | 1 2 3 4 |  4.7
Crossbows      | 1 2 3 4 |  4.7
Throwing       | 1 2 3 4 |  4.7
Armour         | 1 2 3 4 |  4.7
Shields        | 1 2 3 4 |  4.7
Unarmed Combat | 1 2 3 4 |  4.7
Spellcasting   | 1 2 3 4 |  4.7
Evocations     | 1 2 3 4 |  4.7
Conjurations   | 1 2 3 |  3.9
Hexes          | 1 2 3 |  3.9
Summonings     | 1 2 3 |  3.9
Necromancy     | 1 2 3 |  3.9
Translocations | 1 2 3 |  3.9
Transmutations | 1 2 3 |  3.9
Fire Magic     | 1 2 3 |  3.9
Ice Magic      | 1 2 3 |  3.9
Air Magic      | 1 2 3 |  3.9
Earth Magic    | 1 2 3 |  3.9
Poison Magic   | 1 2 3 |  3.9
Fighting       | 7 8 |  8.1
Long Blades    | 7 8 |  8.1
Dodging        | 7 8 |  8.1
Stealth        | 5 6 |  6.3

Action                   |  1- 3 |  4- 6 |  7- 9 || total
-------------------------+-------+-------+-------++-------
Melee: Falchion          |    90 |   171 |   414 ||   675
       Bite              |     9 |    27 |    55 ||    91
       Punch             |       |     3 |    11 ||    14
Throw: Dart              |       |       |     2 ||     2
Invok: Sacrifice an Eye  |       |       |     1 ||     1
Evoke: Wand              |       |       |    27 ||    27
  Use: Potion            |       |       |     2 ||     2
 Stab: Sleeping          |    15 |     5 |     6 ||    26
       Paralysed         |       |       |    20 ||    20
Armor: Robe              |    14 |       |       ||    14
       Ring mail         |       |    48 |   143 ||   191
       Swamp dragon scal |       |       |    39 ||    39
Dodge: Dodged            |    55 |    90 |   324 ||   469

Table legend: (Time is in decaauts)
 A = Elapsed time spent in this place.
 B = Non-inter-level travel time spent in this place.
 C = Inter-level travel time spent in this place.
 D = Time resting spent in this place.
 E = Time spent auto-exploring this place.
 F = Levels seen in this place.
 G = Mean time per level.
                   A        B        C        D        E       F      G
               +--------+--------+--------+--------+--------+-----+--------+
         Total |   9826 |   9393 |    433 |   2694 |   4937 |   9 | 1091.8 |
       Dungeon |   9661 |   9248 |    413 |   2694 |   4817 |   8 | 1207.6 |
        Temple |    165 |    145 |     20 |      0 |    120 |   1 |  165.0 |
               +--------+--------+--------+--------+--------+-----+--------+

Top non-repeatable levels by time:
     D:5: 1567 daAuts
     D:8: 1494 daAuts
     D:7: 1452 daAuts
     D:1: 1396 daAuts
     D:4: 1219 daAuts
     D:3: 937 daAuts
     D:2: 908 daAuts
     D:6: 684 daAuts
  Temple: 165 daAuts
